 Dungeon Crawl Stone Soup version 0.19.1-1-g22dce08 (webtiles) character file.

203134 pvtr the Impregnable (level 17, -1/173 HPs)
             Began as a Minotaur Berserker on Dec 27, 2016.
             Was a High Priest of Trog.
             Killed from afar by a shock serpent (21 damage)
             ... with a bolt of electricity
             ... on level 4 of the Snake Pit on Dec 28, 2016.
             The game lasted 05:00:17 (32572 turns).

pvtr the Impregnable (Minotaur Berserker)          Turns: 32572, Time: 05:00:18

Health: -1/173     AC: 36    Str: 25    XL:     17   Next: 97%
Magic:  5/5        EV: 16    Int:  4    God:    Trog [*****.]
Gold:   1744       SH:  0    Dex: 14    Spells: 0 memorised, 16 levels left

rFire  . . .     SeeInvis .     F - +6 great mace (antimagic)
rCold  + . .     Gourm    .     i - +5 plate armour {rC+}
rNeg   . . .     Faith    .     (shield currently unavailable)
rPois  +         Spirit   .     t - +0 hat
rElec  .         Reflect  .     K - +2 cloak {rPois}
rCorr  .         Harm     .     S - +2 pair of gloves {archery}
MR     +++..                    V - +2 pair of boots
Stlth  ..........               r - amulet of regeneration
                                h - ring of poison resistance
                                j - +4 ring of evasion

@: regenerating
A: retaliatory headbutt, horns 2
a: Berserk, Trog's Hand, Brothers in Arms, Burn Spellbooks, Renounce Religion
}: 1/15 runes: decaying


You were on level 4 of the Snake Pit.
You worshipped Trog.
Trog was extremely pleased with you.
You were very hungry.

You visited 4 branches of the dungeon, and saw 29 of its levels.
You also visited: Ice Cave.

You collected 2465 gold pieces.
You spent 721 gold pieces at shops.

Inventory:

Hand Weapons
 e - a +6 great mace of flaming
 m - a +3 great mace of crushing
 F - a +6 antimagic great mace (weapon)
Armour
 i - a +5 plate armour of cold resistance (worn)
 t - a +0 hat (worn)
 K - a +2 cloak of poison resistance (worn)
 S - a +2 pair of gloves of archery (worn)
 V - a +2 pair of boots (worn)
Jewellery
 h - a ring of poison resistance (right hand)
 j - a +4 ring of evasion (left hand)
 r - an amulet of regeneration (around neck)
 y - an uncursed ring of protection from cold
 H - a +3 amulet of reflection
 Z - an uncursed ring of protection from fire
Wands
 a - a wand of acid (8/15)
 B - a wand of iceblast (7/15)
 C - a wand of heal wounds (8/9)
 J - a wand of teleportation (0/9)
 L - a wand of paralysis (24/24)
 N - a wand of iceblast (8/15)
 P - a wand of heal wounds (1/9)
 Q - a wand of teleportation (4/9)
 R - a wand of polymorph (5/24)
 T - a wand of digging (13/24)
 X - a wand of lightning (6/15)
Scrolls
 n - 7 scrolls of remove curse
 o - 3 scrolls of enchant armour
 s - 8 scrolls of magic mapping
 w - 3 scrolls of fog
 D - 2 scrolls of identify
 E - a scroll of enchant weapon
 M - 6 scrolls of teleportation
 Y - a scroll of silence
Potions
 d - 5 potions of flight
 f - 4 potions of haste
 g - 5 potions of might
 k - 2 potions of resistance
 q - 8 potions of agility
 u - 4 potions of heal wounds
 v - 17 potions of curing
 x - 2 potions of cancellation
 I - 3 potions of ambrosia
 O - 4 potions of cure mutation
 U - 2 potions of invisibility
Miscellaneous
 b - 2 sacks of spiders
Comestibles
 c - 23 bread rations
 l - 8 meat rations
 p - 8 beef jerkies
 z - 10 slices of pizza
 A - 18 royal jellies
 G - 12 fruits


   Skills:
 * Level 21.1 Fighting
 - Level 20.0 Maces & Flails
 * Level 21.3 Armour
 - Level 7.3 Dodging


You had 16 spell levels left.
You didn't know any spells.

Dungeon Overview and Level Annotations

Branches:
Dungeon (15/15)            Temple (0/1) D:7            Lair (6/6) D:9
  Swamp (4/4) Lair:3        Snake (4/4) Lair:2        Slime (0/5) Lair:5
    Orc (0/2) D:9          Vaults (0/5) D:13         Depths (0/5) D:15

Altars:
Ashenzari
Dithmenos
Elyvilon
Kikubaaqudgha
Nemelex Xobeh
Okawaru
Sif Muna
Vehumet

Shops:
D:8 =   D:15 !   Snake:3 =[%   Snake:4 **

Annotations:
Lair:3 exclusion: 2 oklob plants


Innate Abilities, Weirdness & Mutations

You reflexively headbutt those who attack you in melee.
You have a pair of horns on your head.


Message History

The shock serpent barely misses you. You furiously retaliate!
You headbutt the shock serpent. You miss the shock serpent.
The shock serpent is heavily wounded.
The shock serpent bites you but does no damage. x2
The shock serpent shoots out a bolt of lightning at you!
The bolt of electricity hits you!
* * * LOW HITPOINT WARNING * * *
The shock serpent shoots out a bolt of lightning at you!
The bolt of electricity hits you!
* * * LOW HITPOINT WARNING * * *
The shock serpent shoots out a bolt of lightning at you!
The bolt of electricity hits you!
* * * LOW HITPOINT WARNING * * *
Your skin crawls.
You feel resistant to hostile enchantments.
You feel somewhat more hungry.
The shock serpent shoots out a bolt of lightning at you!
The bolt of electricity hits you!
You die...

#..###.# #(....## #.....###
#......<# #....)..# #....).### #.
#.####)#.# ##...###......#
.........S.@[.# ..............#
..#########...# .#....
##.......#...# #N....
#........##..# #..#..
#.........#..# .....
......##...<....#..# .....
.......#=.......#..# .N..
......##........#..############NN


You could see a shock serpent.

Vanquished Creatures
  Vashnia (Snake:2)
  Nikola (Swamp:3)
  3 thorn hunters
  3 nagarajas
  Donald (Swamp:4)
  2 very ugly things
  Josephine (D:15)
  Erolcha (D:12)
  8 vault guards (D:13)
  2 ice dragons (D:15)
  19 hydras
  9 naga warriors
  A ghost crab (Swamp:3)
  5 anacondas
  A death knight (D:15)
  2 centaur warriors
  7 alligators
  A tengu warrior (Swamp:1)
  13 naga sharpshooters
  5 shock serpents
  Sonja (D:15)
  2 fire crabs (Lair:6)
  A skeletal warrior (D:15)
  3 salamander mystics
  A spriggan druid (Swamp:2)
  2 unseen horrors (D:14)
  5 shambling mangroves
  A naga ritualist (Snake:1)
  3 hill giants
  A shadow demon (Swamp:4)
  An orc knight (D:15)
  A necromancer (IceCv)
  A lindwurm (Lair:5)
  Pikel (D:4)
  10 swamp dragons
  5 mana vipers
  3 deep elf magi
  4 manticores
  5 cyclopes
  8 ugly things
  17 salamanders
  12 elephants
  31 black mambas
  18 naga magi
  2 guardian serpents
  4 ice statues (IceCv)
  20 spiny frogs
  A kobold demonologist (D:14)
  2 torpor snails
  A molten gargoyle (D:13)
  3 rime drakes
  15 komodo dragons
  9 ice devils (IceCv)
  A freezing wraith (D:15)
  A tengu conjurer (Swamp:1)
  A queen bee (Lair:2)
  Grinder (D:3)
  5 polar bears
  7 tyrant leeches
  3 trolls
  17 hornets
  12 blink frogs
  A wolf spider simulacrum (D:15)
  14 bog bodies
  A two-headed ogre (D:14)
  19 slime creatures
  5 dream sheep
  A water elemental (D:11)
  A wyvern (D:10)
  A redback (Lair:6)
  17 spriggans
  An air elemental (D:11)
  7 wraiths (D:15)
  8 hippogriffs
  5 shadows
  A human (D:7)
  2 fire elementals
  3 basilisks
  30 yaks
  4 hogs (D:7)
  A hungry ghost (D:13)
  2 steam dragons
  10 vampire mosquitoes
  2 wargs
  Menkaure (D:7)
  39 nagas
  A mottled dragon (D:14)
  18 swamp worms
  14 water moccasins
  14 porcupines
  14 swamp drakes
  3 black bears
  3 ice beasts
  9 orc warriors
  5 sky beasts
  23 wolves
  2 boggarts (Lair:6)
  2 eyes of draining
  2 phantoms
  17 centaurs
  A necrophage (D:9)
  6 ogres
  17 crocodiles
  A big kobold (D:12)
  The ghost of Faustar the Conjurer, an amateur DECj (D:3)
  20 bullfrogs
  An earth elemental (D:11)
  2 wyvern skeletons
  5 scorpions
  38 killer bees
  3 wights (D:7)
  9 howler monkeys
  3 electric eels
  11 crimson imps
  4 centaur zombies
  6 jellies
  3 bullfrog zombies
  5 draconian simulacra (IceCv)
  8 hounds
  13 orc priests
  15 orc wizards
  2 bullfrog skeletons
  5 centaur skeletons
  5 iguanas
  17 worker ants
  2 troll simulacra (IceCv)
  2 centaur simulacra
  A hound zombie (D:9)
  2 worker ant zombies
  15 adders
  12 gnolls
  A naga simulacrum (IceCv)
  An ogre simulacrum (IceCv)
  2 shadow imps
  12 white imps
  An ooze (D:1)
  An adder skeleton (D:7)
  6 worms
  2 dart slugs
  9 leopard geckos
  61 orcs
  3 giant cockroaches (D:3)
  6 goblins
  8 hobgoblins
  14 jackals
  5 quokkas
  A ball python (D:2)
  17 bats
  3 frilled lizards
  A jackal skeleton (D:9)
  14 kobolds
  2 leopard gecko skeletons
  A quokka skeleton (D:5)
  6 rats
  A briar patch (Swamp:1)
  A bush (Swamp:4)
  2 fungi
1047 creatures vanquished.

Vanquished Creatures (collateral kills)
  the Lernaean hydra (Swamp:4)
  Saint Roka (Snake:3)
  A fire dragon (Lair:2)
  A naga warrior (Snake:4)
  The ghost of Azzok the Thaumaturge, a novice DEFE of Vehumet (D:9)
  2 naga sharpshooters
  A swamp dragon (Swamp:4)
  A black mamba (Snake:1)
  A guardian serpent (Snake:1)
  2 naga magi
  A hornet (Swamp:4)
  A bog body (Swamp:4)
  A spriggan (Swamp:4)
  2 wargs (D:9)
  2 nagas
  An orc priest (D:9)
  3 orcs (D:9)
23 creatures vanquished.

Vanquished Creatures (others)
  A spriggan druid (Swamp:4)
  A black mamba (Snake:3)
  A jelly (D:13)
  3 briar patches
  11 fungi
  2 plants (Swamp:4)
19 creatures vanquished.

Grand Total: 1089 creatures vanquished

Notes
Turn   | Place    | Note
-------+----------+-------------------------------------------
     0 | D:1      | pvtr the Minotaur Berserker began the quest for the Orb.
     0 | D:1      | Reached XP level 1. HP: 19/19 MP: 0/0
   293 | D:1      | Reached XP level 2. HP: 26/27 MP: 1/1
   880 | D:2      | Reached XP level 3. HP: 25/33 MP: 2/2
   992 | D:2      | Reached skill level 5 in Maces & Flails
  1122 | D:2      | Reached XP level 4. HP: 21/40 MP: 3/3
  1320 | D:2      | Reached ** piety under Trog
  1870 | D:3      | Noticed Faustar's ghost (amateur DECj)
  1882 | D:3      | Killed Faustar's ghost
  1882 | D:3      | Reached XP level 5. HP: 30/46 MP: 4/4
  2171 | D:3      | Noticed Grinder
  2190 | D:3      | Killed Grinder
  2190 | D:3      | Reached XP level 6. HP: 46/52 MP: 5/5
  2229 | D:3      | Reached XP level 7. HP: 46/59 MP: 6/6
  2497 | D:3      | Reached *** piety under Trog
  2731 | D:3      | Reached skill level 10 in Maces & Flails
  3431 | D:4      | Noticed Pikel
  3441 | D:4      | Killed Pikel
  3441 | D:4      | Reached XP level 8. HP: 66/66 MP: 7/7
  3959 | D:5      | Entered Level 5 of the Dungeon
  4469 | D:5      | Found an iron altar of Okawaru.
  4914 | D:6      | Reached **** piety under Trog
  5191 | D:6      | Reached XP level 9. HP: 67/71 MP: 8/8
  5460 | D:7      | Found a staircase to the Ecumenical Temple.
  5550 | D:7      | Noticed Menkaure
  5569 | D:7      | Killed Menkaure
  5798 | D:7      | Reached skill level 15 in Maces & Flails
  6290 | D:7      | Reached XP level 10. HP: 64/79 MP: 9/9
  6572 | D:8      | Found Faklig's Jewellery Boutique.
  7342 | D:9      | Found a white marble altar of Elyvilon.
  7342 | D:9      | Noticed a deep elf mage
  7343 | D:9      | Noticed a deep elf mage
  7357 | D:9      | Killed a deep elf mage
  7360 | D:9      | Killed a deep elf mage
  7588 | D:9      | Noticed Azzok's ghost (novice DEFE)
  7601 | D:9      | Killed Azzok's ghost
  7813 | D:9      | Found a staircase to the Orcish Mines.
  7982 | D:9      | Found a staircase to the Lair.
  8234 | D:9      | Reached XP level 11. HP: 75/83 MP: 10/10
  8392 | D:9      | Found a radiant altar of Vehumet.
  8392 | D:9      | Found a shattered altar of Ashenzari.
  8646 | Lair:1   | Entered Level 1 of the Lair of Beasts
  8647 | Lair:1   | Found a labyrinth entrance.
  8840 | Lair:1   | Reached skill level 5 in Fighting
  9112 | Lair:1   | Reached ***** piety under Trog
  9392 | Lair:1   | Identified 2 scrolls of acquirement
  9450 | Lair:2   | Found a frozen archway.
  9535 | IceCv    | Entered an ice cave
  9567 | IceCv    | Reached skill level 5 in Armour
 10338 | IceCv    | Noticed a necromancer
 10345 | IceCv    | Killed a necromancer
 10754 | Lair:2   | Reached XP level 12. HP: 95/102 MP: 11/11
 10775 | Lair:2   | Found a staircase to the Snake Pit.
 10946 | Lair:2   | Received a gift from Trog
 11106 | Lair:2   | Noticed a fire dragon
 11125 | Lair:2   | Upgraded the game from 0.19.1 to 0.19.1-1-g22dce08
 12009 | Lair:3   | Reached skill level 10 in Fighting
 12073 | Lair:3   | Found a staircase to the Swamp.
 12492 | Lair:3   | Reached skill level 10 in Armour
 13413 | Lair:4   | Reached XP level 13. HP: 108/117 MP: 12/12
 14197 | Lair:5   | Received a gift from Trog
 14353 | Lair:5   | Found a staircase to the Slime Pits.
 14819 | Lair:6   | Entered Level 6 of the Lair of Beasts
 15423 | Lair:6   | Reached skill level 5 in Dodging
 15512 | Lair:6   | Reached XP level 14. HP: 107/131 MP: 13/13
 15520 | Lair:6   | Received a gift from Trog
 16998 | D:10     | Entered Level 10 of the Dungeon
 17756 | D:9      | Found a sparkling altar of Nemelex Xobeh.
 17756 | D:9      | Found a deep blue altar of Sif Muna.
 18565 | D:11     | Found a large runed door.
 18565 | D:11     | Found a large runed door.
 18725 | D:12     | Received a gift from Trog
 18783 | D:12     | Noticed Erolcha
 18795 | D:12     | Killed Erolcha
 19458 | D:13     | Received a gift from Trog
 19645 | D:13     | Reached skill level 15 in Fighting
 19645 | D:13     | Reached skill level 15 in Armour
 19681 | D:13     | Found a gate to the Vaults.
 20951 | D:14     | Reached XP level 15. HP: 122/140 MP: 14/14
 21363 | D:14     | Found a shadowy altar of Dithmenos.
 21933 | D:15     | Entered Level 15 of the Dungeon
 21943 | D:15     | Received a gift from Trog
 22012 | D:15     | Noticed Sonja
 22033 | D:15     | Killed Sonja
 22359 | D:15     | Noticed Josephine
 22375 | D:15     | Killed Josephine
 22751 | D:15     | Found Izus's Distillery.
 22759 | D:15     | Bought a potion of curing for 57 gold pieces
 22759 | D:15     | Bought a potion of haste for 190 gold pieces
 22759 | D:15     | Bought a potion of haste for 190 gold pieces
 22759 | D:15     | Bought a potion of curing for 57 gold pieces
 22759 | D:15     | Bought a potion of might for 76 gold pieces
 22801 | D:15     | Received a gift from Trog
 22833 | D:15     | Bought a potion of mutation for 47 gold pieces
 22936 | D:15     | Found a staircase to the Depths.
 23436 | Snake:1  | Entered Level 1 of the Snake Pit
 24789 | Snake:2  | Noticed Vashnia
 24932 | Snake:2  | Reached XP level 16. HP: 157/157 MP: 15/15
 25100 | Snake:2  | Received a gift from Trog
 25143 | Snake:2  | Killed Vashnia
 26062 | Snake:3  | Found Hala's Food Shop.
 26062 | Snake:3  | Found Ifaachor's Armour Boutique.
 26088 | Snake:3  | Found Kanoyni's Jewellery Shop.
 26129 | Snake:3  | Bought a +0 hat for 56 gold pieces
 26144 | Snake:3  | Noticed Saint Roka
 26623 | Snake:4  | Entered Level 4 of the Snake Pit
 26623 | Snake:4  | Found Kotyseex's General Store.
 26911 | Snake:4  | Found Zunad's General Store.
 26919 | Snake:4  | Bought a scroll of teleportation for 48 gold pieces
 27330 | Swamp:1  | Entered Level 1 of the Swamp
 27676 | Swamp:1  | Noticed a thorn hunter
 27678 | Swamp:1  | Found an ancient bone altar of Kikubaaqudgha.
 27689 | Swamp:1  | Killed a thorn hunter
 28341 | Swamp:2  | Reached XP level 17. HP: 160/168 MP: 16/16
 28432 | Swamp:2  | Received a gift from Trog
 29211 | Swamp:3  | Noticed Nikola
 29234 | Swamp:3  | Killed Nikola
 29841 | Swamp:4  | Entered Level 4 of the Swamp
 30017 | Swamp:4  | Noticed Donald
 30386 | Swamp:4  | Noticed the 27-headed Lernaean hydra
 30399 | Swamp:4  | Killed the 26-headed Lernaean hydra
 30601 | Swamp:4  | Killed Donald
 30653 | Swamp:4  | Received a gift from Trog
 30855 | Swamp:4  | Got a decaying rune of Zot
 31764 | Snake:3  | Killed Saint Roka
 32572 | Snake:4  | Killed from afar by a shock serpent

Skill      XL: |  1  2  3  4  5  6  7  8  9 10 11 12 13 14 15 16 17 |
---------------+----------------------------------------------------+-----
Fighting       | 4 8 12 14 15 17 19 21 | 21.1
Maces & Flails | 4 5 6 8 9 11 13 16 18 19 20 | 20.0
Armour         | 7 11 14 15 17 19 21 | 21.3
Dodging        | 5 7 |  7.3

Action                   |  1- 3 |  4- 6 |  7- 9 | 10-12 | 13-15 | 16-18 || total
-------------------------+-------+-------+-------+-------+-------+-------++-------
Melee: Mace              |    68 |    94 |   443 |   181 |       |       ||   786
       Headbutt          |     8 |    19 |    69 |   206 |   319 |   258 ||   879
       Flail             |       |       |       |   387 |       |       ||   387
       Dire flail        |       |       |       |   328 |   401 |       ||   729
       Great mace        |       |       |       |       |   908 |   976 ||  1884
Invok: Trog's Hand       |       |     3 |     7 |     9 |    15 |    13 ||    47
       Berserk           |       |     2 |     4 |     6 |    11 |     4 ||    27
       Burn Spellbooks   |       |       |     1 |     2 |     3 |     2 ||     8
       Brothers in Arms  |       |       |       |     2 |     3 |     6 ||    11
Evoke: Wand              |       |       |       |     1 |     3 |    10 ||    14
  Use: Scroll            |       |       |     6 |    17 |    25 |    14 ||    62
       Potion            |       |       |       |       |     3 |     8 ||    11
 Stab: Sleeping          |     1 |       |       |       |       |       ||     1
  Eat: Chunk             |     1 |     6 |    15 |    25 |    46 |    21 ||   114
       Bread ration      |       |       |     1 |     1 |     1 |     1 ||     4
       Pizza             |       |       |       |     2 |       |       ||     2
       Fruit             |       |       |       |     1 |     2 |     5 ||     8
       Meat ration       |       |       |       |       |     1 |     1 ||     2
       Royal jelly       |       |       |       |       |       |     1 ||     1
Armor: Animal skin       |    27 |       |       |       |       |       ||    27
       Scale mail        |     8 |    33 |       |       |       |       ||    41
       Chain mail        |       |    10 |   140 |   154 |       |       ||   304
       Plate armour      |       |       |       |   179 |   739 |   820 ||  1738
       Fire dragon scale |       |       |       |       |    40 |       ||    40
Dodge: Dodged            |    65 |    52 |   159 |   382 |   748 |   778 ||  2184
Block: Other             |       |       |       |       |   123 |       ||   123
       Reflection        |       |       |       |       |    14 |       ||    14
